 Dungeon Crawl Stone Soup version 0.19.1-1-g22dce08 (webtiles) character file.

1232 Kwzr the Skirmisher (level 8, -11/70 HPs)
             Began as a Yellow Draconian Monk on Jan 15, 2017.
             Was a Believer of Okawaru.
             Mangled by an orc warrior
             ... wielding a +0 dire flail
              (21 damage)
             ... on level 6 of the Dungeon on Jan 17, 2017.
             The game lasted 00:24:47 (6090 turns).

Kwzr the Skirmisher (Yellow Draconian Monk)         Turns: 6090, Time: 00:24:47

Health: -11/70     AC:  6    Str: 20    XL:     8   Next: 24%
Magic:  8/8        EV: 15    Int: 13    God:    Okawaru [**....]
Gold:   252        SH:  5    Dex: 15    Spells: 0 memorised, 7 levels left

rFire  . . .     SeeInvis .       - Unarmed
rCold  . . .     Gourm    .     (armour unavailable)
rNeg   . . .     Faith    .     m - +0 buckler
rPois  .         Spirit   .     (helmet restricted)
rElec  .         Reflect  .     (no cloak)
rCorr  +         Harm     .     (no gloves)
MR     .....                    (no boots)
Stlth  ++........               (no amulet)
                                t - +3 ring of intelligence
                                f - +5 ring of strength

@: no status effects
A: spit acid, acid resistance, unfitting armour, cold-blooded, AC +6
a: Spit Acid, Heroism, Renounce Religion


You were on level 6 of the Dungeon.
You worshipped Okawaru.
Okawaru was pleased with you.
You were not hungry.

You visited 1 branch of the dungeon, and saw 6 of its levels.

You collected 252 gold pieces.

Inventory:

Missiles
 u - 4 tomahawks (quivered)
Armour
 m - a +0 buckler (worn)
 v - a +0 cloak
 B - a +0 large shield
Jewellery
 f - a +5 ring of strength (left hand)
 t - a +3 ring of intelligence (right hand)
Scrolls
 d - a scroll of random uselessness {unknown}
 i - 4 scrolls of teleportation
 k - 2 scrolls of magic mapping {unknown}
 l - 2 scrolls of amnesia {unknown}
 n - a scroll of blinking {unknown}
 q - 4 scrolls of remove curse {unknown}
 r - 2 scrolls of identify
Potions
 b - 2 potions of brilliance
 c - a potion of curing
 e - a potion of agility
 g - 2 potions of heal wounds
 h - a potion of ambrosia
 p - a potion of flight
 x - 3 potions of lignification
 z - a potion of degeneration {unknown}
Books
 y - the Almanac of Envenoming and Earth
   (You found it on level 6 of the Dungeon)

   Spells                             Type                      Level
   a - Stone Arrow                    Conjuration/Earth            3
   b - Spider Form                    Transmutation/Poison         3
   c - Olgreb's Toxic Radiance        Poison                       4
   d - Alistair's Intoxication        Transmutation/Poison         5
Comestibles
 a - 4 bread rations
 j - 5 meat rations
 o - a royal jelly
 s - 7 fruits
 A - 6 chunks of flesh


   Skills:
 * Level 6.3 Fighting
 * Level 4.8 Dodging
 - Level 2.1 Stealth
 * Level 5.4 Shields
 * Level 5.3 Unarmed Combat
 + Level 1.0 Invocations


You had 7 spell levels left.
You didn't know any spells.

Dungeon Overview and Level Annotations

Branches:
Dungeon (6/15)
 Temple: D:4-7

Altars:
Cheibriados
Elyvilon
Gozag
Hepliaklqana
Makhleb
Nemelex Xobeh
Okawaru
Qazlal
Sif Muna
Trog
Zin
The Shining One


Innate Abilities, Weirdness & Mutations

You can spit globs of acid.
You are resistant to acid.
Your golden yellow scales are hard. (AC +6)
You cannot fit into any form of body armour.
You are cold-blooded and may be slowed by cold attacks.


Message History

The orc warrior hits you with a dire flail!
You hit the orc warrior.
The orc warrior is severely wounded.
The orc barely misses you. The orc hits you but does no damage.
The orc hits you with a club.
The orc warrior hits you with a dire flail!!
* * * LOW HITPOINT WARNING * * *
You closely miss the orc warrior.
The orc warrior is severely wounded.
The orc misses you. The orc warrior misses you. The orc misses you.
You closely miss the orc warrior.
You tail-slap the orc warrior, but do no damage.
The orc warrior is severely wounded.
The orc hits you but does no damage. The orc warrior closely misses you.
The orc hits you but does no damage.
You hit the orc warrior.
The orc warrior is almost dead.
The orc misses you. The orc completely misses you.
The orc warrior hits you with a dire flail!!
You die...

..###.#.##.#.##..#.# #
........##.#.......#
####.##.. ......###
#..##..## #........
..##...#
.#..##..#######.##.#...
..##.#.#
.....?...o..((..#
..##.#.#
##......#.......#
.....#..
.##?..#..#.#####.#####.#
#.####### ....###o#.#
#.<.....# #..
###..#@o#.##...>#######
#### #..o.##.##.##.#
#...## .## #.# #.... ..
..# #.... ..# #.... ##.#
#.... #. #.... #....


You could see an orc warrior and 2 orcs.

Vanquished Creatures
  A sky beast (D:6)
  A black bear (D:6)
  An ogre (D:4)
  2 bullfrogs
  Blork the orc (D:5)
  2 scorpions
  2 howler monkeys (D:3)
  2 crimson imps (D:5)
  A centaur skeleton (D:5)
  6 orc wizards
  4 worker ants
  2 worker ant zombies (D:5)
  4 gnolls (D:6)
  8 adders
  2 worms
  4 dart slugs (D:1)
  3 leopard geckos
  12 orcs
  A ball python (D:2)
  4 giant cockroaches
  2 goblins
  5 hobgoblins
  8 jackals
  3 quokkas
  6 bats
  2 frilled lizards
  4 kobolds
  9 rats
102 creatures vanquished.

Notes
Turn   | Place    | Note
-------+----------+-------------------------------------------
     0 | D:1      | Kwzr the Draconian Monk began the quest for the Orb.
     0 | D:1      | Reached XP level 1. HP: 19/19 MP: 1/1
   146 | D:1      | Reached XP level 2. HP: 20/26 MP: 2/2
   877 | D:2      | Found a bloodstained altar of Trog.
  1120 | D:2      | Reached XP level 3. HP: 31/31 MP: 3/3
  1775 | D:3      | Noticed a bullfrog
  1792 | D:3      | Killed a bullfrog
  1792 | D:3      | Reached skill level 4 in Fighting
  1792 | D:3      | Reached XP level 4. HP: 9/40 MP: 4/4
  2149 | D:3      | Reached XP level 5. HP: 26/47 MP: 5/5
  2930 | D:3      | Reached skill level 5 in Fighting
  3009 | D:3      | Reached XP level 6. HP: 52/56 MP: 6/6
  3543 | D:4      | Your scales start taking on a golden yellow colour.
  3543 | D:4      | Reached XP level 7. HP: 32/61 MP: 7/7
  4501 | D:5      | Entered Level 5 of the Dungeon
  4747 | D:5      | Found a sparkling altar of Nemelex Xobeh.
  4757 | D:5      | Noticed Blork the orc
  4780 | D:5      | Killed Blork the orc
  5360 | D:5      | Reached skill level 5 in Shields
  5574 | D:6      | Found an iron altar of Okawaru.
  5577 | D:6      | Became a worshipper of Warmaster Okawaru
  5577 | D:6      | Reached * piety under Okawaru
  5577 | D:6      | Reached ** piety under Okawaru
  5620 | D:6      | Identified the Almanac of Envenoming and Earth
  5662 | D:6      | Found a stormy altar of Qazlal.
  5663 | D:6      | Found a hazy altar of Hepliaklqana.
  5666 | D:6      | Found a snail-covered altar of Cheibriados.
  5666 | D:6      | Found a white marble altar of Elyvilon.
  5666 | D:6      | Found a deep blue altar of Sif Muna.
  5668 | D:6      | Found a glowing silver altar of Zin.
  5668 | D:6      | Found an opulent altar of Gozag.
  5669 | D:6      | Found a burning altar of Makhleb.
  5699 | D:6      | Reached skill level 6 in Fighting
  5699 | D:6      | Reached skill level 5 in Unarmed Combat
  5699 | D:6      | Reached XP level 8. HP: 41/70 MP: 8/8
  6019 | D:6      | Found a glowing golden altar of the Shining One.
  6029 | D:6      | Reached skill level 1 in Invocations
  6090 | D:6      | Mangled by an orc warrior

Skill      XL: |  1  2  3  4  5  6  7  8 |
---------------+-------------------------+-----
Stealth        | 2 |  2.1
Dodging        | 3 4 |  4.8
Fighting       | 4 5 6 |  6.3
Shields        | 2 3 4 5 |  5.4
Unarmed Combat | 5 |  5.3
Invocations    | 1 |  1.0

Action                   |  1- 3 |  4- 6 |  7- 9 || total
-------------------------+-------+-------+-------++-------
Melee: Unarmed           |   103 |   209 |   246 ||   558
       Tailslap          |    17 |    28 |    35 ||    80
Throw: Tomahawk          |       |       |     6 ||     6
       Javelin           |       |       |     5 ||     5
 Abil: Spit Acid         |       |       |     2 ||     2
  Use: Scroll            |     2 |     1 |     3 ||     6
       Potion            |     1 |       |     2 ||     3
 Stab: Sleeping          |     8 |     2 |     1 ||    11
       Distracted        |       |       |     1 ||     1
  Eat: Chunk             |     3 |     5 |     8 ||    16
       Pizza             |       |       |     1 ||     1
Armor: Skin              |    28 |    41 |    49 ||   118
Dodge: Dodged            |    51 |    97 |   136 ||   284
Block: Buckler           |     8 |    36 |    52 ||    96
